 Dungeon Crawl Stone Soup version 0.25.0-33-gff14898 (webtiles) character file.

Game seed: 14080466179593314974

107 Gadfly the Insei (level 4, -4/36 HPs)
             Began as a Draconian Transmuter on July 8, 2020.
             Engulfed by a kobold's freezing vapour (22 damage)
             ... on level 3 of the Dungeon.
             The game lasted 00:03:39 (2148 turns).

Gadfly the Insei (Draconian Transmuter)             Turns: 2148, Time: 00:03:40

Health: -4/36      AC:  7    Str: 12    XL:     4   Next: 57%
Magic:  8/8        EV: 13    Int: 13    God:
Gold:   127        SH:  0    Dex: 13    Spells: 2/8 levels left

rFire    . . .     SeeInvis .     - Unarmed
rCold    . . .     Gourm    .   (no shield)
rNeg     + . .     Faith    .   (armour unavailable)
rPois    .         Spirit   .   (helmet restricted)
rElec    .         Reflect  .   j - +1 cloak
rCorr    .         Harm     .   (no gloves)
MR       .....                  (no boots)
Stlth    +.........             (no amulet)
HPRegen  0.12/turn              d - ring of positive energy
MPRegen  0.11/turn              (no ring)

@: confused, lethally poisoned (-4 -> -13)
A: unfitting armour, cold-blooded, AC +5
a: no special abilities


You were on level 3 of the Dungeon.
You were not hungry.

You visited 1 branch of the dungeon, and saw 3 of its levels.

You collected 127 gold pieces.

Inventory:

Missiles
 a - 50 arrows
Armour
 j - a +1 cloak (worn)
Jewellery
 d - a ring of positive energy (left hand)
Scrolls
 f - a scroll of teleportation
 h - 3 scrolls of remove curse
 i - 2 scrolls of enchant armour
 k - a scroll of identify
Potions
 e - a potion of mutation
 g - a potion of curing
Comestibles
 c - 5 rations


   Skills:
 + Level 1.8 Fighting
 * Level 2.7 Dodging
 * Level 3.5 Unarmed Combat
 * Level 2.7 Spellcasting
 * Level 2.8 Transmutations


You had 2 spell levels left.
You knew the following spells:

 Your Spells              Type           Power        Failure   Level  Hunger
a - Beastly Appendage     Tmut           #.....       8%          1    #......
b - Sticks to Snakes      Tmut           #.......     11%         2    ###....
c - Spider Form           Tmut/Pois      #.........   36%         3    ###....

Your spell library contained the following spells:

 Spells                   Type           Power        Failure   Level  Hunger
 Ice Form                 Ice/Tmut       #.......     78%         4    #####..
 Blade Hands              Tmut           #.........   90%         5    ######.


Dungeon Overview and Level Annotations

Branches:
Dungeon (3/15)

Altars:
Zin

Annotations:
D:3 Robin


Innate Abilities, Weirdness & Mutations

Your plain brown scales are hard. (AC +5)
You cannot fit into any form of body armour.
You are cold-blooded and may be slowed by cold attacks.


Message History

You are too confused!
Unknown command.
You are engulfed in noxious fumes.
You choke on the stench!
You are more confused.
You feel sick.
You are engulfed in noxious fumes.
You choke on the stench!
You are more confused.
You feel sick.
The kobold zaps a wand.
The kobold creates a blast of freezing vapour!
You see here a poisoned dart.
You bump into the rock wall.
You are engulfed in noxious fumes.
You choke on the stench!
You are more confused.
You feel sick.
You are engulfed in noxious fumes.
You choke on the stench!
You are more confused.
You feel sick.
You are engulfed in freezing vapours.
Ouch! That really hurt!
You die...

.(..............#.. ...
....##............####...
...##....................
...##..................
...##................ . .
.#.#...........§##.###....
##.#..........(§§§§.......
#............§§§☼..#...##
####..........§§@r.## .#
..............§##.......
###...................#.
...............###....#
###..##...##...# ..#....
##....#....### .##...#
####.[).### ... #..#.## #.
###..#..#


You could see a rat.

Vanquished Creatures
  An orc priest (D:3)
  An adder (D:3)
  An ooze (D:2)
  A worm (D:2)
  A dart slug (D:1)
  A leopard gecko (D:2)
  3 orcs (D:3)
  5 bats (D:1)
  3 giant cockroaches (D:1)
  9 hobgoblins
  4 jackals (D:3)
  6 kobolds
  6 frilled lizards
  7 goblins
  6 rats
55 creatures vanquished.

Notes
Turn   | Place    | Note
-------+----------+-------------------------------------------
     0 | D:1      | Gadfly the Draconian Transmuter began the quest for the
                  | Orb.
     0 | D:1      | Reached XP level 1. HP: 16/16 MP: 3/3
   199 | D:1      | Reached XP level 2. HP: 23/23 MP: 3/5
   400 | D:1      | Learned a level 2 spell: Sticks to Snakes
   848 | D:1      | Reached XP level 3. HP: 28/28 MP: 4/6
  1038 | D:2      | Learned a level 3 spell: Spider Form
  1633 | D:3      | Found a glowing silver altar of Zin.
  1718 | D:3      | Reached XP level 4. HP: 29/35 MP: 7/7
  2096 | D:3      | Noticed Robin
  2148 | D:3      | Engulfed by a kobold's freezing vapour

Illustrated notes

Levels and vault maps discovered:
D:1:      minmay_arrival_checkered_box, layout_loops_ring
D:2:      layout_basic, first_ration
D:3:      layout_rooms, lemuel_doored_altar, uniq_robin

Skill      XL: |  1 |
---------------+----+-----
Dodging        | 2 |  2.7
Fighting       | |  1.8
Unarmed Combat | |  3.5
Spellcasting   | |  2.7
Transmutations | |  2.8

Action                   |  1- 3 |  4- 6 || total
-------------------------+-------+-------++-------
Melee: Unarmed           |   142 |    28 ||   170
       Kick              |    14 |       ||    14
       Tailslap          |    12 |     5 ||    17
       Headbutt          |     7 |     2 ||     9
       Punch             |     2 |       ||     2
 Cast: Beastly Appendage |    29 |     2 ||    31
  Use: Scroll            |     6 |       ||     6
       Potion            |       |     1 ||     1
 Stab: Sleeping          |     2 |       ||     2
  Eat: Chunk             |     3 |     2 ||     5
Armor: Skin              |    35 |     7 ||    42
Dodge: Dodged            |    67 |    17 ||    84
